cohdb
Replays
Latest Replays
All Replays
Popular Replays
Top Player Replays
Match Explorer
How It Works
Community
CoH3 Stats
Reddit
Sign in to upload your games and track your stats! →
Sign in with Steam
Match 39679397
Unlisted
Match 39679397
Overview
Messages
Build Orders
End
Kradschützen Motorcycle Team
250 Light Carrier
Selects Italian Infantry
250 Light Carrier
Construct Light Support Kompanie
Selects Defensive Operations
MG34 Team
Fire Support Elements
Assault Grenadier Squad
Pak 38 Anti-tank Gun Team
Flakvierling Half-track
Assault Mechanized Group
Selects Guastatori Squad
Selects L6/40 Light Tank Combat Group
L6/40 Light Tank Combat Group
Vehicle Survival Package
Panzerpioneer Squad
Selects Towed Cannone da 105/28 Field Howitzer
Towed Cannone da 105/28 Field Howitzer
Guastatori Squad
killall
mryifang
Kim Jong-un
G'kar
Zamalek.YT ✪
✙ Hito ✙
0
0
Comments
sign in to comment!
No comments posted yet!